 Dungeon Crawl Stone Soup version 0.29.0-5-ge4962eb29e (webtiles) character file.

Game seed: 37111877204288742

116 Persephone the Shooter (level 5, 0/38 HPs)
             Began as a Formicid Hunter on Aug 29, 2022.
             Was an Initiate of Gozag.
             Slain by a hobgoblin
             ... wielding a +0 dagger
              (1 damage)
             ... on level 2 of the Dungeon.
             The game lasted 00:04:20 (2269 turns).

Persephone the Shooter (Formicid Hunter)            Turns: 2269, Time: 00:04:21

Health: 0/38       AC:  5    Str: 15    XL:     5   Next: 21%
Magic:  5/5        EV: 12    Int:  9    God:    Gozag
Gold:   230        SH:  0    Dex: 19    Spells: 4/4 levels left

rFire   . . .      SeeInvis +   a - +0 shortbow
rCold   . . .      Faith    .   (no shield)
rNeg    + . .      Spirit   .   j - +2 leather armour {rN+}
rPois   .          Reflect  .   (helmet unavailable)
rElec   .          Harm     .   (no cloak)
rCorr   .          Rampage  .   (no gloves)
Will    .....                   (no boots)
Stlth   ++........              (no amulet)
HPRegen 0.12/turn               (no ring)
MPRegen 0.09/turn               (no ring)

@: no status effects
A: permanent stasis, dig shafts and tunnels, antennae 3, four strong arms
a: Dig, Shaft Self, Renounce Religion, Potion Petition, Call Merchant, Bribe
Branch


You were on level 2 of the Dungeon.
You worshipped Gozag.
Gozag was aware of your devotion.
You visited 1 branch of the dungeon, and saw 3 of its levels.

You collected 254 gold pieces.
You paid 24 gold pieces to Gozag.

Inventory:

Hand Weapons
 a - a +0 shortbow (weapon)
Armour
 j - a +2 leather armour of positive energy (worn)
Jewellery
 k - a ring of flight
Scrolls
 b - 2 scrolls of immolation
 c - a scroll of enchant armour {unknown}
 d - a scroll of identify {unknown}
 g - 2 scrolls of blinking {unknown}
 i - a scroll of poison {unknown}
Potions
 e - a potion of brilliance {unknown}
 f - a potion of mutation {unknown}
 h - a potion of cancellation {unknown}


   Skills:
 - Level 2.1 Fighting
 + Level 6.1 Ranged Weapons
 - Level 1.7 Dodging
 - Level 1.2 Stealth


You had 4 spell levels left.
You didn't know any spells.
Your spell library contained the following spells:

 Spells                   Type           Power      Damage    Failure   Level
 Ensorcelled Hibernation  Hex/Ice        0%         N/A       58%         2
 Ignite Poison            Fire/Tmut/Pois 0%         N/A       83%         3
 Mephitic Cloud           Conj/Pois/Air  0%         N/A       83%         3
 Portal Projectile        Hex/Tloc       0%         N/A       83%         3
 Spider Form              Tmut/Pois      0%         N/A       83%         3
 Tukima's Dance           Hex            0%         N/A       83%         3
 Anguish                  Hex/Necr       0%         N/A       99%         4
 Blade Hands              Tmut           0%         N/A       100%        5
 Freezing Cloud           Conj/Ice/Air   0%         6-21      100%        5


Dungeon Overview and Level Annotations

Branches:
Dungeon (3/15)

Altars:
Fedhas
Gozag
Vehumet

Annotations:
D:3 Ijyb


Innate Abilities, Weirdness & Mutations

You cannot be hasted, slowed, berserked, paralysed or teleported.
You can dig through walls and to a lower floor.
You have a pair of large antennae on your head. (SInv)
Your four strong arms can wield two-handed weapons with a shield.


Message History

Fire: a) +0 shortbow
Press: ? - help, Shift-Dir - straight line, f/p - hobgoblin
Aim: a hobgoblin, wielding a +0 dagger (almost dead, 65% to hit)
You shoot an arrow.
The arrow hits the hobgoblin but does no damage.
The hobgoblin is almost dead.
The hobgoblin hits you but does no damage.
The hobgoblin hits you with a +0 dagger.
* * * LOW HITPOINT WARNING * * *
Fire: a) +0 shortbow
Press: ? - help, Shift-Dir - straight line, f/p - hobgoblin
Aim: a hobgoblin, wielding a +0 dagger (almost dead, 65% to hit)
You shoot an arrow. The arrow barely misses the hobgoblin.
The hobgoblin hits you with a +0 dagger.
* * * LOW HITPOINT WARNING * * *
Fire: a) +0 shortbow
Press: ? - help, Shift-Dir - straight line, f/p - hobgoblin
Aim: a hobgoblin, wielding a +0 dagger (almost dead, 65% to hit)
You shoot an arrow. The arrow closely misses the hobgoblin.
The hobgoblin barely misses you.
Fire: a) +0 shortbow
Press: ? - help, Shift-Dir - straight line, f/p - hobgoblin
Aim: a hobgoblin, wielding a +0 dagger (almost dead, 65% to hit)
You shoot an arrow. The arrow closely misses the hobgoblin.
The hobgoblin hits you but does no damage.
Fire: a) +0 shortbow
Press: ? - help, Shift-Dir - straight line, f/p - hobgoblin
Aim: a hobgoblin, wielding a +0 dagger (almost dead, 65% to hit)
You shoot an arrow. The arrow barely misses the hobgoblin.
The hobgoblin hits you with a +0 dagger.
* * * LOW HITPOINT WARNING * * *
Fire: a) +0 shortbow
Press: ? - help, Shift-Dir - straight line, f/p - hobgoblin
Aim: a hobgoblin, wielding a +0 dagger (almost dead, 65% to hit)
You shoot an arrow. The arrow closely misses the hobgoblin.
The hobgoblin hits you with a +0 dagger.
* * * LOW HITPOINT WARNING * * *
The hobgoblin hits you with a +0 dagger.
You die...
Your body crumbles into a pile of gold.

#..#..## #..#
##..).# #..#
...#.#########..#
#...............#
..##.##########.#
####.# #.# #.#
#.# #.# #####.###
#.# #....g@.# #.#
#<###[#$# #.# #.#
#.#.# #.# #.#
#.#.# #.# #.#
#.#.# #.# #.#
#.#.#
#.######.###.#.#
#............#.#
########.#####.#


You could see a hobgoblin.

Vanquished Creatures
  An orc priest (D:3)
  An adder (D:2)
  A worm (D:2)
  5 dart slugs (D:1)
  3 orcs
  6 ball pythons
  6 bats
  6 endoplasms
  A giant cockroach (D:2)
  6 goblins
  4 hobgoblins
  3 jackals (D:2)
  6 kobolds
  2 quokkas (D:1)
  4 frilled lizards
  3 rats
58 creatures vanquished.

Notes
Turn   | Place    | Note
-------+----------+-------------------------------------------
     0 | D:1      | Persephone the Formicid Hunter began the quest for the Orb.
     0 | D:1      | Reached XP level 1. HP: 16/16 MP: 1/1
    58 | D:1      | Found a faded altar of an unknown god.
    83 | D:1      | Reached XP level 2. HP: 22/22 MP: 2/2
   305 | D:1      | Reached XP level 3. HP: 27/27 MP: 3/3
   531 | D:1      | Reached skill level 5 in Ranged Weapons
  1029 | D:2      | Found an opulent altar of Gozag.
  1074 | D:2      | Became a worshipper of Gozag Ym Sagoz the Greedy
  1179 | D:2      | Reached XP level 4. HP: 33/33 MP: 4/4
  1693 | D:3      | Noticed Ijyb
  1838 | D:3      | Found a radiant altar of Vehumet.
  1899 | D:3      | Found a blossoming altar of Fedhas.
  1961 | D:3      | Reached skill level 6 in Ranged Weapons
  1961 | D:3      | Reached XP level 5. HP: 4/38 MP: 5/5
  2269 | D:2      | HP: 1/38 [hobgoblin/+0 dagger (4)]
  2269 | D:2      | Slain by a hobgoblin

Illustrated notes

Levels and vault maps discovered:
D:1:      eino_arrival_cavern_a, layout_basic, chequers_ecumenical_altar_island
D:2:      layout_loops_ring, basic_altar
D:3:      layout_rooms, nicolae_vehumet_radiance, mainiacjoe_overflow_alcove_1,
          serial_shops, nicolae_shop_behind_doors, lemuel_another_geyser,
          uniq_ijyb

Skill      XL: |  1  2  3  4 |
---------------+-------------+-----
Ranged Weapons | 5 6 |  6.1
Fighting       | |  2.1
Dodging        | |  1.7
Stealth        | |  1.2

Action                   |  1- 3 |  4- 6 || total
-------------------------+-------+-------++-------
 Fire: Shortbow          |    80 |    85 ||   165
Armor: Leather armour    |     5 |    10 ||    15
Dodge: Dodged            |    12 |    30 ||    42
